 Dungeon Sprint DCSS version 0.29-a0-1043-g569b05d6ff (webtiles) character file.

Game seed: 12346698019731386795

59336 Zeldest the Slayer (level 14, -4/188 HPs)
             Began as an Ogre Berserker on Aug 15, 2022.
             Was an Elder of Trog.
             Slain by a vault warden
             ... wielding a +0 glaive
              (13 damage)
             ... in the Dungeon (Sprint IX: "|||||||||||||||||||||||||||||").
             The game lasted 00:18:08 (4520 turns).

Zeldest the Slayer (Ogre Berserker)                 Turns: 4520, Time: 00:18:09

Health: -4/188     AC: 20    Str: 28    XL:     14   Next: 94%
Magic:  14/14      EV: 11    Int:  8    God:    Trog [****..]
Gold:   1513       SH:  0    Dex:  8    Spells: 13/13 levels left

rFire   + . .      SeeInvis .   a - +9 giant spiked club (flame)
rCold   + + .      Faith    .   (shield currently unavailable)
rNeg    . . .      Spirit   .   s - +0 storm dragon scales
rPois   +          Reflect  .   (helmet restricted)
rElec   +          Harm     .   l - +0 cloak
rCorr   +          Rampage  .   (gloves unavailable)
Will    +....      NoTele   +   (boots unavailable)
Stlth   ..........              (no amulet)
HPRegen 0.41/turn               o - ring of protection from cold
MPRegen 0.14/turn               r - ring of poison resistance

@: mighty, resistant, on berserk cooldown
A: large, unfitting armour, tough skin 1
a: Renounce Religion, Berserk, Trog's Hand, Brothers in Arms


You were in the Dungeon.
You worshipped Trog.
Trog was greatly pleased with you.
You visited 1 branch You collected 1963 gold pieces.
You spent 450 gold pieces at shops.

Inventory:

Hand Weapons
 a - a +9 giant spiked club of flaming (weapon)
 b - a +5 antimagic giant club
Armour
 l - a +0 cloak (worn)
 s - +0 storm dragon scales (worn)
Jewellery
 m - a +3 ring of intelligence
 n - a +2 ring of protection
 o - a ring of protection from cold (left hand)
 p - a ring of willpower
 q - a ring of protection from fire
 r - a ring of poison resistance (right hand)
Scrolls
 j - 2 scrolls of fear
 k - a scroll of blinking
 u - a scroll of identify
 v - 3 scrolls of enchant armour
Potions
 d - a potion of cancellation
 e - a potion of berserk rage
 f - 4 potions of magic
 h - a potion of might


   Skills:
 + Level 24.1 Fighting
 * Level 23.9 Maces & Flails
 + Level 16.1 Armour
 + Level 17.7 Dodging


You had 13 spell levels left.
You didn't know any spells.
Your spell library was empty.

Dungeon Overview and Level Annotations

Branches:
Dungeon (1/1)

Altars:
Cheibriados
Dithmenos
Elyvilon
Fedhas
Gozag
Hepliaklqana
Kikubaaqudgha
Makhleb
Nemelex Xobeh
Okawaru
Qazlal
Ru
Sif Muna
Trog
Uskayaw
Vehumet
Wu Jian
Xom
Yredelemnul
Zin
The Shining One
Jiyva
Lugonu

Shops:
D ?[([


Innate Abilities, Weirdness & Mutations

You are too large for most types of armour.
You have tough skin. (AC +1)


Message History

* * * LOW HITPOINT WARNING * * *
You swap places.
You feel yourself speed up.
The vault warden unwields a +0 arbalest.
The vault warden wields a +0 glaive.
The vault warden closely misses your ogre.
Your ogre barely misses the vault warden.
You aren't carrying any items that you can evoke.
Okay, then.
You feel better.
The vault warden unwields a +0 glaive.
The vault warden wields a +0 arbalest.
The vault warden shoots a bolt.
The bolt hits your ogre!!
Your ogre hits the vault warden with a +0 giant club!!
You feel better.
The vault warden shoots a bolt.
The bolt hits your ogre!!!
Your ogre dies!
Your ogre's corpse disappears in a puff of smoke!
You feel very mighty all of a sudden.
The vault warden shoots a bolt.
The bolt barely misses you.
As you read the scroll of fear, it crumbles to dust.
You assume a fearsome visage.
The vault warden looks frightened!
The ironbound preserver looks frightened! x3
The vault warden looks frightened!
The ironbound preserver begs, "Please!
I have a lot of children!"
You feel protected.
Cornered, the vault warden turns to fight!
Cornered, the ironbound preserver turns to fight!
Cornered, the vault warden turns to fight!
Okay, then.
You feel better.
The vault warden shoots a bolt.
The bolt hits you!!
* * * LOW HITPOINT WARNING * * *
You feel better.
The vault warden shoots a bolt.
The bolt hits you but does no damage.
Your magic is already full.
The ironbound preserver seems to regain its courage.
The vault warden shoots a bolt.
The bolt hits you!
* * * LOW HITPOINT WARNING * * *
The vault warden unwields a +0 arbalest.
The vault warden wields a +0 glaive.
The vault warden hits you with a +0 glaive!
You die...

,,,,,,,,,,,+,,,,,,,,,,,,,+,,,,,,,
*********************************
,,,,,,,,,,,,,,,,,,,,,,,,,,,,,,,,,
*********************************
,,,,,,,,,,,,,,,,,,,,,,,,,,,,,,,,,
*********************************
,,,,,,,,,,,,,,,,,,,,,,,,,,,,,,,,,
▓▓▓▓▓▓▓▓▓▓▓▓▓▓▓▓▓▓▓▓▓▓▓▓▓********
)...........+)..@ppppppppp,,,,,,,
▓▓▓▓▓▓▓▓▓▓▓▓▓▓▓▓▓▓▓▓▓▓▓▓▓▓▓▓▓▓▓▓▓
.....................))))........
♣▓▓▓▓▓▓▓▓▓▓▓▓▓▓▓▓▓▓▓▓▓▓▓▓▓▓▓▓▓▓▓▓
)))).....†.).....†...††)))†))..'.
♣▓▓▓▓▓▓▓▓▓▓▓▓▓▓▓▓▓▓▓▓▓▓▓▓▓▓▓▓▓▓▓▓
.................................
▓▓▓▓▓▓▓▓▓▓▓▓▓▓▓▓▓▓▓▓▓▓▓▓▓▓▓▓▓▓▓▓▓
[[[[[[[[..))......)[)..[.........


You could see 3 ironbound preservers, 2 vault wardens and 2 ironbound convokers.

Vanquished Creatures
  Donald (D)
  A frost giant (D)
  An ironbound preserver (D)
  A very ugly thing (D)
  2 vampire knights (D)
  2 entropy weavers (D)
  An ettin (D)
  4 fire dragons (D)
  A merfolk impaler (D)
  A great orb of eyes (D)
  A hydra (D)
  A rakshasa (D)
  A catoblepas (D)
  2 ogre magi (D)
  A spriggan air mage (D)
  A centaur warrior (D)
  A jorogumo (D)
  3 two-headed ogres (D)
  A deep troll shaman (D)
  A tengu warrior (D)
  A deep troll earth mage (D)
  A shock serpent (D)
  A naga sharpshooter (D)
  A spriggan berserker (D)
  A fire crab (D)
  A salamander mystic (D)
  A sea snake (D)
  A steelbarb worm (D)
  A swamp dragon (D)
  A wizard (D)
  2 lindwurms (D)
  2 necromancers (D)
  A harpy (D)
  A cyclops (D)
  An elephant (D)
  2 moths of wrath (D)
  A manticore (D)
  An ugly thing (D)
  2 merfolk sirens (D)
  2 torpor snails (D)
  2 cane toads (D)
  Psyche (D)
  A freezing wraith (D)
  A komodo dragon (D)
  2 merfolk (D)
  A wind drake (D)
  A troll (D)
  A hornet (D)
  2 slime creatures (D)
  A polar bear (D)
  A blink frog (D)
  A snapping turtle (D)
  A culicivora (D)
  A yak (D)
  A basilisk (D)
  A steam dragon (D)
  Grum (D)
  A warg (D)
  4 water moccasins (D)
  A hell hound (D)
  4 orc warriors (D)
  4 ogres (D)
  10 wolves (D)
  A centaur (D)
  2 bullfrogs (D)
  A gnoll sergeant (D)
  A hound (D)
  An orc priest (D)
  An iguana (D)
  2 orc wizards (D)
  2 gnolls (D)
  4 orcs (D)
  An endoplasm (D)
  A giant cockroach (D)
  2 rats (D)
116 creatures vanquished.

Vanquished Creatures (collateral kills)
  Saint Roka (D)
  A fenstrider witch (D)
  2 fire giants (D)
  An ironbound preserver (D)
  A stone giant (D)
  A bunyip (D)
  A yaktaur captain (D)
  An ice dragon (D)
  2 hydras (D)
  A rakshasa (D)
  A spriggan air mage (D)
  An ogre mage (D)
  2 two-headed ogres (D)
  A naga warrior (D)
  A deep troll shaman (D)
  An alligator (D)
  2 vampire magi (D)
  2 shock serpents (D)
  A goliath frog (D)
  2 swamp dragons (D)
  A wizard (D)
  2 orc knights (D)
  An orc sorcerer (D)
  A manticore (D)
  A cyclops (D)
  3 black mambas (D)
  A demonic crawler (D)
  An efreet (D)
  A tyrant leech (D)
  A fire bat (shapeshifter) (D)
  A warg (D)
  6 orc warriors (D)
  A swamp drake (D)
  3 ogres (D)
  3 orc priests (D)
  3 orc wizards (D)
  3 orcs (D)
59 creatures vanquished.

Vanquished Creatures (others)
  A fire giant (D)
  A killer bee (D)
2 creatures vanquished.

Grand Total: 177 creatures vanquished

Notes
Turn   | Place    | Note
-------+----------+-------------------------------------------
     0 | D        | Zeldest the Ogre Berserker began the quest for the Orb.
     0 | D        | Reached XP level 1. HP: 24/24 MP: 1/1
    11 | D        | Reached ** piety under Trog
    17 | D        | Reached skill level 1 in Armour
    17 | D        | Reached XP level 2. HP: 33/33 MP: 2/2
    64 | D        | Noticed an ogre
    69 | D        | Reached skill level 5 in Fighting
    69 | D        | Reached XP level 3. HP: 42/42 MP: 3/3
    69 | D        | Reached *** piety under Trog
    75 | D        | Reached skill level 6 in Fighting
    75 | D        | Reached skill level 5 in Maces & Flails
    75 | D        | Reached XP level 4. HP: 52/52 MP: 4/4
    83 | D        | Killed an ogre
    84 | D        | Reached skill level 7 in Fighting
    84 | D        | Reached skill level 5 in Dodging
    84 | D        | Reached XP level 5. HP: 38/62 MP: 5/5
   313 | D        | Found a snail-covered altar of Cheibriados.
   313 | D        | Found a shadowy altar of Dithmenos.
   313 | D        | Found a white marble altar of Elyvilon.
   313 | D        | Found a blossoming altar of Fedhas.
   313 | D        | Found an opulent altar of Gozag.
   314 | D        | Found a hazy altar of Hepliaklqana.
   315 | D        | Found a viscous altar of Jiyva.
   316 | D        | Found an ancient bone altar of Kikubaaqudgha.
   317 | D        | Found a corrupted altar of Lugonu.
   318 | D        | Found a burning altar of Makhleb.
   319 | D        | Found a sparkling altar of Nemelex Xobeh.
   320 | D        | Found an iron altar of Okawaru.
   321 | D        | Found a stormy altar of Qazlal.
   322 | D        | Found a sacrificial altar of Ru.
   323 | D        | Found a shimmering blue altar of Sif Muna.
   324 | D        | Found a bloodstained altar of Trog.
   325 | D        | Found a hide-covered altar of Uskayaw.
   326 | D        | Found a radiant altar of Vehumet.
   327 | D        | Found an ornate altar of the Wu Jian Council.
   328 | D        | Found a shimmering altar of Xom.
   329 | D        | Found a basalt altar of Yredelemnul.
   330 | D        | Found a glowing silver altar of Zin.
   331 | D        | Found a glowing golden altar of the Shining One.
   363 | D        | Noticed a hornet
   363 | D        | Noticed a troll
   363 | D        | Noticed a centaur
   363 | D        | Noticed a two-headed ogre
   371 | D        | Paralysed by a hornet for 2 turns
   373 | D        | Killed a hornet
   373 | D        | Reached **** piety under Trog
   374 | D        | Reached skill level 9 in Fighting
   374 | D        | Reached XP level 6. HP: 61/75 MP: 6/6
   385 | D        | Killed a troll
   386 | D        | Reached skill level 5 in Armour
   386 | D        | Reached XP level 7. HP: 21/84 MP: 7/7
   387 | D        | Reached skill level 10 in Fighting
   397 | D        | Reached skill level 10 in Maces & Flails
   400 | D        | HP: 3/87 [two-headed ogre/+0 giant club (25)]
   408 | D        | Killed a two-headed ogre
   409 | D        | Reached skill level 11 in Fighting
   409 | D        | Reached XP level 8. HP: 6/97 MP: 8/8
   791 | D        | Noticed a seven-headed hydra
   791 | D        | Noticed a tengu warrior
   791 | D        | Noticed a slime creature
   791 | D        | Noticed a centaur warrior
   791 | D        | Noticed a red ugly thing
   791 | D        | Noticed a cyclops
   798 | D        | Killed a seven-headed hydra
   799 | D        | Reached skill level 12 in Fighting
   799 | D        | Reached XP level 9. HP: 107/107 MP: 9/9
   809 | D        | Killed a tengu warrior
   810 | D        | Reached skill level 13 in Fighting
   817 | D        | Killed a centaur warrior
   817 | D        | Reached ***** piety under Trog
   818 | D        | Reached XP level 10. HP: 120/120 MP: 10/10
   828 | D        | Killed a red ugly thing
   829 | D        | Reached skill level 14 in Fighting
   829 | D        | Reached skill level 10 in Dodging
   836 | D        | Killed a cyclops
  1020 | D        | Noticed an elephant
  1031 | D        | Killed an elephant
  1059 | D        | Received a gift from Trog
  1064 | D        | Reached skill level 15 in Fighting
  1089 | D        | Noticed a cane toad
  1089 | D        | Noticed a catoblepas
  1089 | D        | Noticed a torpor snail
  1093 | D        | Killed a cane toad
  1095 | D        | Noticed a cane toad
  1097 | D        | Killed a catoblepas
  1098 | D        | Reached skill level 15 in Maces & Flails
  1098 | D        | Noticed a fire crab
  1109 | D        | Reached XP level 11. HP: 128/133 MP: 11/11
  1111 | D        | Received a gift from Trog
  1112 | D        | Reached skill level 10 in Armour
  1126 | D        | HP: 2/135 [fire crab (15)]
  1271 | D        | Killed a fire crab
  1272 | D        | Reached skill level 16 in Fighting
  1388 | D        | Received a gift from Trog
  1536 | D        | Noticed an orc sorcerer
  1541 | D        | Killed an orc sorcerer
  1541 | D        | Reached ****** piety under Trog
  1541 | D        | Received a gift from Trog
  1542 | D        | Noticed a stone giant
  1545 | D        | Killed a stone giant
  1568 | D        | Noticed an orc knight
  1568 | D        | Noticed an orc knight
  1574 | D        | Killed an orc knight
  1574 | D        | Received a gift from Trog
  1579 | D        | Killed an orc knight
  1580 | D        | Reached skill level 17 in Fighting
  1588 | D        | Received a gift from Trog
  1648 | D        | Found Syull's Magic Scroll Emporium.
  1648 | D        | Noticed a two-headed ogre
  1648 | D        | Noticed a two-headed ogre
  1648 | D        | Noticed an ogre mage
  1648 | D        | Noticed a two-headed ogre
  1651 | D        | Killed a two-headed ogre
  1654 | D        | Killed a two-headed ogre
  1655 | D        | Reached XP level 12. HP: 123/149 MP: 12/12
  1661 | D        | Noticed an ogre mage
  1667 | D        | Killed an ogre mage
  1667 | D        | Received a gift from Trog
  1673 | D        | Killed a two-headed ogre
  1674 | D        | Killed an ogre mage
  1675 | D        | Reached skill level 18 in Fighting
  1736 | D        | Found Uhuybrits's Armour Shoppe.
  1740 | D        | Found Quckilovvi's Antique Weapon Emporium.
  1744 | D        | Found Bosiciaq's Armour Shoppe.
  1747 | D        | Noticed a two-headed ogre
  1748 | D        | Noticed an ogre mage
  1752 | D        | Killed a two-headed ogre
  1756 | D        | Killed an ogre mage
  1785 | D        | Bought a scroll of enchant armour for 90 gold pieces
  1785 | D        | Bought a scroll of blinking for 90 gold pieces
  1785 | D        | Bought a scroll of magic mapping for 90 gold pieces
  1785 | D        | Bought a scroll of blinking for 90 gold pieces
  1785 | D        | Bought a scroll of enchant weapon for 90 gold pieces
  1835 | D        | Noticed Grum
  1841 | D        | Received a gift from Trog
  1843 | D        | Killed Grum
  1969 | D        | Noticed a seven-headed hydra
  1969 | D        | Noticed a rakshasa
  1969 | D        | Noticed a seven-headed hydra
  1980 | D        | Killed a ten-headed hydra
  1983 | D        | Killed a rakshasa
  1984 | D        | Killed a seven-headed hydra
  1984 | D        | Received a gift from Trog
  1985 | D        | Reached skill level 19 in Fighting
  1988 | D        | Noticed a spriggan air mage
  1993 | D        | Noticed a deep troll shaman
  1993 | D        | Killed a spriggan air mage
  1994 | D        | Noticed a deep troll earth mage
  1994 | D        | Killed a deep troll shaman
  1998 | D        | Noticed a vampire knight
  2002 | D        | Killed a deep troll earth mage
  2002 | D        | Received a gift from Trog
  2014 | D        | Killed a vampire knight
  2019 | D        | Noticed a vampire mage
  2075 | D        | Killed a vampire mage
  2076 | D        | Reached XP level 13. HP: 78/165 MP: 4/13
  2251 | D        | Noticed a rakshasa
  2273 | D        | Killed a rakshasa
  2493 | D        | Noticed an ettin
  2498 | D        | Killed an ettin
  2565 | D        | Noticed Psyche
  2569 | D        | Killed Psyche
  2650 | D        | Noticed a bunyip
  2655 | D        | Reached skill level 20 in Fighting
  2661 | D        | Killed a bunyip
  2664 | D        | Noticed a fenstrider witch
  2668 | D        | Killed a fenstrider witch
  2680 | D        | Noticed an entropy weaver
  2680 | D        | Noticed an entropy weaver
  2682 | D        | Received a gift from Trog
  2683 | D        | Reached skill level 15 in Dodging
  2691 | D        | Killed an entropy weaver
  2699 | D        | Killed an entropy weaver
  2699 | D        | Received a gift from Trog
  2704 | D        | Reached skill level 21 in Fighting
  3084 | D        | Received a gift from Trog
  3310 | D        | Noticed a merfolk impaler
  3325 | D        | Killed a merfolk impaler
  3333 | D        | Received a gift from Trog
  3334 | D        | Reached XP level 14. HP: 180/180 MP: 14/14
  3342 | D        | Reached skill level 22 in Fighting
  3518 | D        | Noticed Saint Roka
  3519 | D        | Noticed Donald
  3539 | D        | Killed Saint Roka
  3551 | D        | Killed Donald
  3551 | D        | Received a gift from Trog
  3748 | D        | Noticed a vampire knight
  3748 | D        | Noticed a frost giant
  3748 | D        | Noticed a fire giant
  3754 | D        | Reached skill level 15 in Armour
  3755 | D        | Noticed a fire giant
  3761 | D        | Killed a vampire knight
  3763 | D        | Killed a frost giant
  4050 | D        | Killed a fire giant
  4050 | D        | Received a gift from Trog
  4058 | D        | Killed a fire giant
  4059 | D        | Reached skill level 23 in Fighting
  4066 | D        | Noticed a fire giant
  4075 | D        | Killed a fire giant
  4079 | D        | Received a gift from Trog
  4084 | D        | Noticed a red very ugly thing
  4108 | D        | Killed a red very ugly thing
  4458 | D        | Noticed an ironbound preserver
  4458 | D        | Noticed an ironbound preserver
  4466 | D        | Killed an ironbound preserver
  4477 | D        | Killed an ironbound preserver
  4477 | D        | Received a gift from Trog
  4482 | D        | Reached skill level 24 in Fighting
  4483 | D        | Paralysed by a great orb of eyes for 4 turns
  4493 | D        | Noticed a vault warden
  4495 | D        | Noticed an ironbound preserver
  4498 | D        | Noticed an ironbound preserver
  4501 | D        | Noticed a vault warden
  4506 | D        | Noticed an ironbound preserver
  4506 | D        | HP: 2/188 [vault warden/bolt (41)]
  4519 | D        | HP: 8/188 [vault warden/bolt (14)]
  4520 | D        | Slain by a vault warden

Illustrated notes

Levels and vault maps discovered:
D:        linesprint [early_d, line_temple, items_1, d_10, items_2, lair_1,
          lair_end, items_3, orc_1, orc_end, items_4, d_15, swamp_1, shoals_1,
          snake_1, spider_1, d_20, vaults_1, items_5, swamp_end, shoals_end,
          snake_end, spider_end, vaults_end, d_27, items_6, zot_1, zot_end,
          crypt_end, forest_end, elf_end, slime_end, tomb_end, abyss_end,
          pan_hell_end]

Skill      XL: |  1  2  3  4  5  6  7  8  9 10 11 12 13 14 |
---------------+-------------------------------------------+-----
Maces & Flails | 3 4 5 6 8 9 11 12 13 15 17 19 21 23 | 23.9
Dodging        | 3 4 5 6 8 9 11 12 14 16 17 | 17.7
Armour         | 1 2 3 4 5 6 7 8 9 11 12 14 16 | 16.1
Fighting       | 5 6 7 9 11 12 13 15 17 19 21 24 | 24.1

Action                   |  1- 3 |  4- 6 |  7- 9 | 10-12 | 13-15 || total
-------------------------+-------+-------+-------+-------+-------++-------
Melee: Mace              |    20 |    13 |       |       |       ||    33
       Punch             |     1 |       |       |       |       ||     1
       Dire flail        |       |    16 |    25 |    51 |       ||    92
       Great mace        |       |       |       |    62 |       ||    62
       Giant spiked club |       |       |       |    52 |   161 ||   213
       Giant club        |       |       |       |     4 |    10 ||    14
Invok: Berserk           |     2 |       |     1 |     4 |     9 ||    16
       Brothers in Arms  |       |       |     1 |    11 |    13 ||    25
       Trog's Hand       |       |       |       |     7 |     5 ||    12
Evoke: Wand              |       |       |    10 |       |       ||    10
  Use: Potion            |       |     6 |     1 |     4 |    11 ||    22
       Scroll            |       |       |     2 |     6 |     4 ||    12
 Stab: Invisible         |       |     1 |       |       |       ||     1
Armor: Animal skin       |     6 |    12 |       |       |       ||    18
       Troll leather arm |       |       |    17 |    31 |       ||    48
       Storm dragon scal |       |       |       |     7 |    70 ||    77
Dodge: Dodged            |     9 |    29 |    10 |    73 |    66 ||   187

Table legend: (Time is in decaauts)
 A = Elapsed time spent in this place.
 B = Non-inter-level travel time spent in this place.
 C = Inter-level travel time spent in this place.
 D = Time resting spent in this place.
 E = Time spent auto-exploring this place.
 F = Levels seen in this place.
 G = Mean time per level.
                   A        B        C        D        E       F      G
               +--------+--------+--------+--------+--------+-----+--------+
         Total |   4546 |   4546 |      0 |   2773 |     10 |   1 | 4546.0 |
       Dungeon |   4546 |   4546 |      0 |   2773 |     10 |   1 | 4546.0 |
               +--------+--------+--------+--------+--------+-----+--------+

Top non-repeatable levels by time:
       D: 4546 daAuts
